 Dungeon Crawl Stone Soup version 0.30-a0-618-gd6c86c23d0 (webtiles) character file.

Game seed: 9249887204671171774

2659 Iich the Cleaver (level 9, 0/68 HPs)
             Began as a Demonspawn Berserker on Jan 9, 2023.
             Was a Priest of Trog.
             Slain by sirJeffrey23's ghost (27 damage)
             ... on level 6 of the Dungeon.
             The game lasted 00:07:52 (4879 turns).

Iich the Cleaver (Demonspawn Berserker)             Turns: 4879, Time: 00:07:52

Health: 0/68       AC: 17    Str: 19    XL:     9   Next: 36%
Magic:  9/9        EV:  8    Int:  9    God:    Trog [***...]
Gold:   109        SH:  0    Dex: 15    Spells: 8/8 levels left

rFire   . . .      SeeInvis .    G - +0 battleaxe
rCold   . . .      Faith    .    (shield currently unavailable)
rNeg    . . .      Spirit   .    B - +4 chain mail
rPois   +          Reflect  .    (helmet restricted)
rElec   .          Harm     .    j - +0 cloak
rCorr   .          Rampage  .    (no gloves)
Will    ++...                    L - +0 pair of boots Stlth
                                 t - amulet of regeneration
HPRegen 2.11/turn                f - ring of flight
MPRegen 0.11/turn                E - ring of poison resistance

@: strong-willed (expiring), on berserk cooldown, flying, regenerating
(expiring), slowed, very slow
A: antennae 2, yellow scales 2, foul stench 2, demonic magic 1
a: Renounce Religion, Berserk, Trog's Hand


You were on level 6 of the Dungeon.
You worshipped Trog.
Trog was most pleased with you.
You visited 1 branch of the dungeon, and saw 6 of its levels.

You collected 510 gold pieces.
You spent 401 gold pieces at shops.

Inventory:

Hand Weapons
 a - a +0 hand axe
 G - a +0 battleaxe (weapon)
Missiles
 I - 9 poisoned darts (quivered)
Armour
 b - a +0 animal skin
 c - a +0 ring mail
 i - a +0 helmet
 j - a +0 cloak (worn)
 l - a +0 chain mail
 B - a +4 chain mail (worn)
 L - a +0 pair of boots (worn)
Jewellery
 f - a ring of flight (left hand)
 o - a ring of protection from fire
 t - an amulet of regeneration (around neck)
 E - a ring of poison resistance (right hand)
Wands
 y - a wand of flame (27)
 C - a wand of mindburst (11)
 F - a wand of iceblast (4)
Scrolls
 m - a scroll of identify
 n - a scroll of fog
 q - a scroll of magic mapping {unknown}
 v - 3 scrolls of immolation {unknown}
 x - a scroll of butterflies {unknown}
 D - 2 scrolls of teleportation
 M - a scroll of brand weapon {unknown}
Potions
 e - 8 potions of curing
 g - 2 potions of attraction {unknown}
 h - a potion of mutation {unknown}
 k - a potion of degeneration {unknown}
 p - a potion of lignification {unknown}
 r - a potion of ambrosia {unknown}
 s - 2 potions of haste
 u - a potion of flight {unknown}
 w - a potion of invisibility {unknown}
 z - 2 potions of berserk rage {unknown}
 A - 4 potions of might {unknown}
 H - a potion of brilliance {unknown}
 J - a potion of experience {unknown}
Miscellaneous
 K - a phial of floods


   Skills:
 + Level 5.3 Fighting
 * Level 11.3 Axes
 - Level 1.7 Armour
 - Level 1.7 Dodging


You had 8 spell levels left.
You didn't know any spells.
Your spell library was empty.

Dungeon Overview and Level Annotations

Branches:
Dungeon (6/15)             Temple (0/1) D:6

Altars:
Ashenzari
Dithmenos
Fedhas
Gozag
Kikubaaqudgha
Makhleb
Nemelex Xobeh
Uskayaw
Vehumet

Shops:
D:2 *   D:5 (**!   D:6 *

Annotations:
D:5 2 runed translucent doors
D:6 sirJeffrey23's ghost, novice OgMo


Innate Abilities, Weirdness & Mutations

You have a pair of antennae on your head.
You are mostly covered in yellow scales. (AC +3)
You sometimes emit foul miasma when damaged in melee.
Spells you cast may paralyse adjacent enemies.


Message History

SirJeffrey23's ghost is heavily damaged.
SirJeffrey23's ghost hits you!
You hit sirJeffrey23's ghost.
SirJeffrey23's ghost is heavily damaged.
SirJeffrey23's ghost barely misses you.
You slash sirJeffrey23's ghost!
SirJeffrey23's ghost is severely damaged.
You slash sirJeffrey23's ghost!
SirJeffrey23's ghost is severely damaged.
SirJeffrey23's ghost hits you!
You emit a cloud of foul miasma!
You closely miss sirJeffrey23's ghost.
SirJeffrey23's ghost is severely damaged.
You are no longer berserk.
You are exhausted.
You feel yourself slow down. SirJeffrey23's ghost hits you!
You slash sirJeffrey23's ghost!
SirJeffrey23's ghost is almost destroyed.
SirJeffrey23's ghost hits you. SirJeffrey23's ghost hits you!
* * * LOW HITPOINT WARNING * * *
You closely miss sirJeffrey23's ghost.
SirJeffrey23's ghost is almost destroyed.
SirJeffrey23's ghost hits you.
* * * LOW HITPOINT WARNING * * *
You feel much better.
SirJeffrey23's ghost hits you but does no damage.
SirJeffrey23's ghost hits you!!
You closely miss sirJeffrey23's ghost.
SirJeffrey23's ghost is almost destroyed.
SirJeffrey23's ghost closely misses you.
SirJeffrey23's ghost hits you.
* * * LOW HITPOINT WARNING * * *
You hit sirJeffrey23's ghost but do no damage.
SirJeffrey23's ghost is almost destroyed.
You feel the effects of Trog's Hand fading.
SirJeffrey23's ghost hits you but does no damage.
You closely miss sirJeffrey23's ghost.
SirJeffrey23's ghost is almost destroyed.
SirJeffrey23's ghost hits you but does no damage.
SirJeffrey23's ghost hits you!!
You die...

#.##......##.##.####
#.##......##....#
#########.##.#######.############
#.......#.##.#######.# ########
#.#..................# ##(:??).
#.#######.##.##..##### ########
#........[##.##...# ##...☼○○
############.##...##### ###+####
...<##........##@##...# #.....
######.#####..#.W.###.######.####
........# ##.#.8.# #........#
######..########### #.#..##..##
#............###.##..#...###
#............##..##..##.....
#########.....#...##..#.#.##
###......#####..._.##..#...#
##.........## ##....##..#...#


You could see sirJeffrey23's ghost.

Vanquished Creatures
  A two-headed ogre (D:5)
  A troll (D:5)
  Grinder (D:6)
  A vampire mosquito (D:5)
  Edmund (D:6)
  A water moccasin (D:6)
  An orc warrior (D:5)
  A black bear (D:5)
  An ice beast (D:5)
  2 centaurs (D:5)
  2 necrophages
  3 scorpions
  3 hounds (D:5)
  2 jellies
  2 orc priests (D:6)
  Ijyb (D:4)
  3 iguanas
  3 orc wizards
  4 gnolls
  7 adders
  2 shadow imps (D:6)
  A white imp (D:6)
  An ufetubus (D:5)
  2 worms
  2 dart slugs
  6 orcs
  4 bats
  5 endoplasms
  4 giant cockroaches
  18 goblins
  9 hobgoblins
  3 jackals (D:4)
  8 kobolds
  6 quokkas
  9 ball pythons
  3 frilled lizards
  6 rats
130 creatures vanquished.

Vanquished Creatures (others)
  2 withered plants (D:6)
2 creatures vanquished.

Grand Total: 132 creatures vanquished

Notes
Turn   | Place    | Note
-------+----------+-------------------------------------------
     0 | D:1      | Iich the Demonspawn Berserker began the quest for the Orb.
     0 | D:1      | Reached XP level 1. HP: 18/18 MP: 1/1
    85 | D:1      | Reached skill level 3 in Axes
   105 | D:1      | Gained mutation: You may rarely emit foul miasma when
                  | damaged in melee. [demonic ancestry]
   105 | D:1      | Reached XP level 2. HP: 24/24 MP: 2/2
   361 | D:1      | Reached ** piety under Trog
   739 | D:2      | Gained mutation: You are partially covered in yellow
                  | scales. (AC +2) [demonic ancestry]
   739 | D:2      | Reached XP level 3. HP: 29/29 MP: 3/3
   800 | D:2      | Found a faded altar of an unknown god.
   873 | D:2      | Found Hixeipsaom's Assorted Antiques.
   912 | D:2      | Found a sparkling altar of Nemelex Xobeh.
   962 | D:2      | Bought a scratched iron ring for 95 gold pieces
  1018 | D:2      | Reached skill level 4 in Axes
  1314 | D:3      | Gained mutation: You sometimes emit foul miasma when
                  | damaged in melee. [demonic ancestry]
  1314 | D:3      | Reached XP level 4. HP: 35/35 MP: 4/4
  1538 | D:3      | Found a blossoming altar of Fedhas.
  1703 | D:3      | Reached *** piety under Trog
  2289 | D:4      | Reached XP level 5. HP: 40/41 MP: 5/5
  2348 | D:4      | Reached skill level 5 in Axes
  2352 | D:4      | Noticed Ijyb
  2363 | D:4      | Killed Ijyb
  2758 | D:5      | Entered Level 5 of the Dungeon
  2775 | D:5      | Found a shadowy altar of Dithmenos.
  2797 | D:5      | Found a large runed translucent door.
  2799 | D:5      | Found a large runed translucent door.
  2802 | D:5      | Noticed a vampire mosquito
  2803 | D:5      | Noticed a two-headed ogre
  2811 | D:5      | Killed a two-headed ogre
  2812 | D:5      | Reached skill level 7 in Axes
  2812 | D:5      | Gained mutation: Spells you cast may paralyse adjacent
                  | enemies. [demonic ancestry]
  2812 | D:5      | Reached XP level 6. HP: 48/48 MP: 6/6
  2812 | D:5      | Gained mutation: You have a pair of small antennae on your
                  | head. [demonic ancestry]
  2812 | D:5      | Reached XP level 7. HP: 54/54 MP: 7/7
  2948 | D:5      | Killed a vampire mosquito
  2949 | D:5      | Reached skill level 8 in Axes
  2954 | D:5      | Found a large runed translucent door.
  2954 | D:5      | Found a large runed translucent door.
  3028 | D:5      | Found Vihegoef's Distillery.
  3029 | D:5      | Found Ryg Int's Assorted Antiques.
  3031 | D:5      | Found Boqaah's Weapon Shop.
  3042 | D:5      | Gained mutation: You have a pair of antennae on your head.
                  | [demonic ancestry]
  3042 | D:5      | Reached XP level 8. HP: 59/60 MP: 8/8
  3043 | D:5      | Found Zeapnuon's General Store.
  3055 | D:5      | Bought a battleaxe for 221 gold pieces
  3153 | D:5      | Found a broken altar of Ashenzari.
  3154 | D:5      | Found a hide-covered altar of Uskayaw.
  3298 | D:5      | Reached skill level 9 in Axes
  3319 | D:5      | Found a radiant altar of Vehumet.
  3640 | D:5      | Noticed a troll
  3643 | D:5      | Reached **** piety under Trog
  3644 | D:5      | Reached skill level 10 in Axes
  3651 | D:5      | Killed a troll
  3796 | D:2      | Bought a pair of boots for 85 gold pieces
  3925 | D:6      | Reached skill level 5 in Fighting
  3925 | D:6      | Gained mutation: You are mostly covered in yellow scales.
                  | (AC +3) [demonic ancestry]
  3925 | D:6      | Reached XP level 9. HP: 66/68 MP: 9/9
  3966 | D:6      | Found Xuah's General Store.
  3987 | D:6      | Found a staircase to the Ecumenical Temple.
  4075 | D:6      | Found a burning altar of Makhleb.
  4094 | D:6      | Noticed Edmund
  4106 | D:6      | Killed Edmund
  4107 | D:6      | Reached skill level 11 in Axes
  4119 | D:6      | Found an ancient bone altar of Kikubaaqudgha.
  4341 | D:6      | Noticed Grinder
  4347 | D:6      | Paralysed by Grinder for 2 turns
  4352 | D:6      | Killed Grinder
  4440 | D:6      | Found a runed translucent door.
  4440 | D:6      | Noticed sirJeffrey23's ghost (novice OgMo)
  4765 | D:6      | Found an opulent altar of Gozag.
  4766 | D:6      | Found a sparkling altar of Nemelex Xobeh.
  4879 | D:6      | Slain by sirJeffrey23's ghost

Illustrated notes

Levels and vault maps discovered:
D:1:      minmay_arrival_semitransparent, layout_basic, minmay_3d_cube
D:2:      layout_rooms, shapermc_ecumenical_altar_mp_highgroup, basic_altar,
          serial_shops, shop
D:3:      layout_loops_cross, mainiacjoe_overflow_surrounded_room
D:4:      kennysheep_goblin_castle, layout_loops_ring
D:5:      layout_basic, grunt_dithmenos_smoke, gammafunk_temple_overflow_wave,
          gammafunk_temple_overflow_statue, minmay_shop_grid_forest,
          minmay_hollow_rounded_squares
D:6:      lemuel_ice_spiral_2, layout_basic, grunt_temple_overflow_opulence,
          mainiacjoe_overflow_catch_the_wave, minmay_temple_entry_hall,
          gammafunk_ghost_grave, serial_shops, shop_statue, minivault_23,
          minmay_misc_feat_rugged, kennysheep_potato, uniq_edmund, uniq_grinder

Skill      XL: |  1  2  3  4  5  6  7  8  9 |
---------------+----------------------------+-----
Axes           | 3 4 7 8 10 11 | 11.3
Fighting       | 4 5 |  5.3
Armour         | |  1.7
Dodging        | |  1.7

Action                   |  1- 3 |  4- 6 |  7- 9 || total
-------------------------+-------+-------+-------++-------
Melee: Hand axe          |   126 |   109 |    25 ||   260
       Punch             |     1 |     1 |       ||     2
       Battleaxe         |       |       |   167 ||   167
Invok: Berserk           |     1 |     2 |     4 ||     7
       Trog's Hand       |       |       |     2 ||     2
  Use: Potion            |     1 |     2 |     1 ||     4
       Scroll            |       |       |     4 ||     4
Armor: Ring mail         |    31 |       |       ||    31
       Chain mail        |    30 |    63 |   117 ||   210
Dodge: Dodged            |    88 |    32 |    78 ||   198

Table legend: (Time is in decaauts)
 A = Elapsed time spent in this place.
 B = Non-inter-level travel time spent in this place.
 C = Inter-level travel time spent in this place.
 D = Time resting spent in this place.
 E = Time spent auto-exploring this place.
 F = Levels seen in this place.
 G = Mean time per level.
                   A        B        C        D        E       F      G
               +--------+--------+--------+--------+--------+-----+--------+
         Total |   4958 |   4666 |    292 |    203 |   3445 |   6 |  826.3 |
       Dungeon |   4958 |   4666 |    292 |    203 |   3445 |   6 |  826.3 |
               +--------+--------+--------+--------+--------+-----+--------+

Top non-repeatable levels by time:
     D:5: 1049 daAuts
     D:6: 1003 daAuts
     D:4: 949 daAuts
     D:3: 747 daAuts
     D:1: 740 daAuts
     D:2: 467 daAuts
